Map: Pylon LE

Players

kije

  • Race: Protoss Protoss
  • Spawn Location: 5:00

LigerMaNN - Winner!

  • Race: Zerg Zerg
  • League: Diamond
  • Spawn Location: 11:00

VOD

Have the link to the VOD?

Description

Time

  • Played on: June 4, 2025, 9:24 p.m.
  • Length: 3:24
Show
View Real Time Build Order
Export as new Build Order

kije Protoss 

Build Orders: 1 Gate Expand 

Get SALT Encoding   

  12  0:00  Probe  
  13  0:12  Probe  
  14  0:19  Pylon  
  14  0:24  Probe  
  15  0:33  Probe  
  15  0:40  Gateway  
  15  0:41  Probe  
  17  0:54  Probe  
  18  1:02  Probe  
  18  1:10  Probe  
  20  1:21  Nexus  
  20  1:32  Cybernetics Core  
  20  1:34  Probe  
  21  1:46  Probe  
  22  1:47  Assimilator  
  22  1:49  Pylon  
  22  1:53  Assimilator  
  22  1:58  Probe  
  23  2:13  Probe  
  24  2:31  Probe  
  27  2:39  Probe  
  28  2:47  Zealot  
  28  2:49  Probe  
  28  2:50  Pylon  
  28  2:53  Pylon  
  26  3:16  Pylon  
Show
View Real Time Build Order
Export as new Build Order

LigerMaNN Zerg - Winner!

Build Orders: Hatch First 

Get SALT Encoding   

  12  0:00  Drone  
  13  0:13  Overlord  
  13  0:16  Drone  
  14  0:31  Drone x2  
  16  0:50  Hatchery  
  16  0:52  Drone  
  16  0:54  Drone  
  17  0:57  Drone  
  18  1:09  Extractor  
  17  1:14  Spawning Pool  
  17  1:17  Drone  
  17  1:20  Drone  
  18  1:28  Drone  
  19  1:39  Overlord  
  19  2:02  Zergling x4  
  19  2:03  Zergling x2  
  19  2:04  Queen  
  19  2:05  Queen  
  26  2:20  Drone x2  
  28  2:25  Zergling x2  
  28  2:26  Zergling x2  
  30  2:38  Drone x2  
Tags
 
League
Diamond
Matchup
PvZ
Replay Pack
June 2025
Spawn Locations
Cross Positions
Add a new tag
Caveats
  • Supply blocks, unpowered buildings, or Contaminate may cause inaccurate times.
  • Supply counts are checked every 10 seconds.